Map: Moonlight Madness LE (Void)

Players

SticklerMac

  • Race: Zerg Zerg
  • League: Silver

Saber - Winner!

  • Race: Zerg Zerg
  • League: Silver

VOD

Have the link to the VOD?

Description

Time

  • Played on: Aug. 29, 2015, 1:30 a.m.
  • Length: 17:35
Show
View Real Time Build Order
Export as new Build Order

SticklerMac Zerg 

Build Orders: Pool First 

Get SALT Encoding   

  12  0:04  Drone  
  13  0:11  Drone  
  14  0:18  Overlord  
  14  0:36  Drone x2  
  14  0:37  Drone  
  18  0:50  Drone  
  18  0:51  Spawning Pool  
  18  0:54  Extractor  
  16  0:58  Drone  
  17  1:09  Drone  
  18  1:26  Hatchery, Drone  
  18  1:34  Drone  
  19  1:47  Queen  
  19  1:49  Overlord  
  21  1:55  Zergling x2  
  22  2:07  Drone  
  23  2:15  Zergling x2  
  24  2:25  Queen  
  24  2:29  Zergling x2  
  27  2:40  Zergling x4  
  29  2:50  Queen  
  31  2:55  Metabolic Boost  
  31  3:00  Overlord  
  31  3:07  Roach Warren  
  31  3:08  Extractor  
  31  3:11  Extractor  
  31  3:12  Overlord  
  28  3:36  Drone x6  
  28  3:37  Drone x2  
  36  3:44  Lair  
  36  3:54  Drone  
  36  3:55  Drone  
  38  3:57  Drone  
  38  4:00  Drone  
  40  4:07  Evolution Chamber  
  33  4:17  Zergling x8  
  33  4:22  Zergling x4  
  36  4:27  Zergling x2  
  36  4:29  Drone  
  38  4:37  Roach  
  38  4:38  Roach  
  42  4:46  Zergling x2  
  42  4:52  Overlord  
  43  4:53  Overlord  
  43  5:13  Roach x4  
  43  5:14  Roach  
  53  5:16  Roach  
  53  5:19  Drone  
  56  5:22  Glial Reconstitution  
  56  5:28  Zerg Missile Weapons Level 1  
  56  5:32  Roach  
  58  5:36  Overlord  
  58  5:43  Roach  
  60  5:52  Overlord x2  
  60  6:13  Roach x3  
  60  6:15  Roach  
  68  6:19  Roach  
  68  6:22  Roach  
  72  6:37  Roach x3  
  72  6:38  Roach  
  80  6:43  Roach  
  82  6:47  Roach  
  84  6:58  Overlord x2  
  84  7:09  Overlord x2  
  84  7:18  Roach x2  
  84  7:22  Zerg Ground Armor Level 1  
  83  7:30  Roach  
  83  7:31  Roach x2  
  78  7:37  Roach  
  78  7:38  Roach  
  78  7:42  Roach  
  84  7:48  Roach  
  84  7:51  Roach  
  87  8:11  Hatchery  
  86  8:23  Roach x3  
  86  8:25  Roach  
  94  8:28  Drone  
  95  8:41  Drone  
  95  8:42  Drone x3  
  99  8:57  Ravager x4  
  99  8:58  Ravager x4  
  107  9:22  Drone x3  
  107  9:23  Drone x5  
  107  9:24  Drone x2  
  89  9:44  Roach  
  89  9:45  Roach x3  
  60  9:56  Roach x3  
  60  9:57  Roach  
  66  10:14  Roach  
  66  10:15  Roach x4  
  76  10:21  Spine Crawler  
  76  10:27  Spine Crawler  
  74  10:29  Queen  
  76  10:40  Infestation Pit  
  75  10:46  Roach x2  
  79  10:50  Zerg Missile Weapons Level 2  
  79  10:53  Drone  
  79  10:54  Drone x5  
  85  11:06  Spine Crawler  
  84  11:13  Spine Crawler  
  84  11:17  Spine Crawler  
  82  11:26  Roach  
  82  11:27  Roach x6  
  82  11:28  Roach  
  98  11:36  Hydralisk Den  
  98  11:37  Drone x3  
  98  11:38  Drone  
  101  11:40  Drone  
  102  11:52  Hive  
  102  12:11  Roach  
  102  12:12  Roach x5  
  102  12:14  Hydralisk  
  116  12:16  Hatchery  
  116  12:17  Drone  
  116  12:18  Drone, Extractor  
  97  12:47  Hydralisk  
  97  12:48  Hydralisk x5  
  109  13:06  Hydralisk, Roach  
  109  13:07  Hydralisk  
  115  13:20  Queen  
  115  13:22  Drone x5  
  122  13:38  Viper, Lurker Den  
  125  13:48  Extractor  
  118  14:11  Overlord  
  118  14:12  Overlord x5  
  99  14:32  Hydralisk x7  
  99  14:34  Hydralisk  
  109  14:53  Hydralisk  
  109  14:54  Hydralisk x3  
  102  15:09  Overlord x3  
  97  15:25  Overlord  
  97  15:50  Extractor  
  97  15:53  Overlord x2  
  96  16:03  Overlord  
  96  16:37  Overlord x2  
  96  16:39  Lurker  
  97  16:42  Lurker  
  98  16:56  Lurker x2  
  100  17:09  Lurker  
Show
View Real Time Build Order
Export as new Build Order

Saber Zerg - Winner!

Build Orders: Pool First 

Get SALT Encoding   

  12  0:00  Drone  
  13  0:12  Overlord  
  13  0:17  Drone  
  14  0:31  Drone x2  
  14  0:34  Drone  
  17  0:46  Spawning Pool  
  17  0:49  Drone  
  17  0:53  Extractor  
  17  0:56  Drone  
  17  1:06  Drone  
  18  1:29  Drone  
  18  1:31  Hatchery, Drone  
  19  1:42  Queen  
  19  1:45  Zergling x2  
  22  2:04  Overlord  
  22  2:12  Metabolic Boost  
  22  2:22  Zergling x2, Queen  
  25  2:23  Zergling x4  
  27  2:35  Zergling x2  
  27  2:44  Zergling x2  
  27  2:45  Zergling x2  
  27  2:48  Zergling x2  
  27  2:50  Drone  
  31  3:11  Drone  
  31  3:12  Drone x3  
  35  3:25  Lair  
  35  3:28  Drone  
  35  3:31  Overlord x2  
  36  3:51  Spine Crawler  
  36  3:52  Drone  
  36  3:53  Drone x6  
  38  4:23  Drone  
  38  4:24  Drone x5  
  40  4:37  Extractor  
  39  4:41  Extractor  
  38  4:46  Roach Warren, Zergling x4  
  38  4:47  Zergling x8  
  38  4:51  Queen  
  45  5:12  Drone x3, Spine Crawler  
  45  5:13  Drone x3  
  50  5:21  Evolution Chamber  
  50  5:25  Evolution Chamber  
  48  5:38  Roach x2  
  48  5:40  Overlord x3  
  52  5:56  Zerg Missile Weapons Level 1  
  52  5:57  Zerg Ground Armor Level 1  
  52  5:58  Queen  
  52  6:01  Glial Reconstitution  
  52  6:03  Roach x2  
  52  6:04  Roach x3  
  64  6:12  Extractor  
  64  6:14  Roach x2  
  64  6:15  Roach  
  68  6:42  Roach  
  68  6:43  Roach x2  
  68  6:45  Overlord x2  
  74  6:56  Hydralisk Den  
  74  7:00  Drone  
  74  7:01  Drone  
  74  7:04  Drone x4  
  79  7:11  Roach x4  
  87  7:28  Roach x2  
  90  7:36  Roach x5  
  88  7:48  Roach  
  90  7:55  Overlord  
  90  7:56  Overlord x2  
  90  8:06  Spine Crawler  
  90  8:09  Roach  
  90  8:10  Spine Crawler  
  90  8:12  Zerg Missile Weapons Level 2  
  90  8:13  Zerg Ground Armor Level 2  
  90  8:17  Hydralisk x2  
  90  8:18  Hydralisk x3  
  100  8:27  Hydralisk  
  100  8:28  Hydralisk  
  104  8:49  Hydralisk  
  104  8:50  Hydralisk x4  
  114  9:13  Muscular Augments  
  114  9:20  Infestation Pit  
  114  9:23  Roach  
  115  9:25  Overlord x2  
  91  9:44  Roach  
  91  9:45  Roach x6  
  89  9:46  Roach x2  
  91  9:53  Roach  
  93  10:16  Hive  
  93  10:54  Roach  
  93  10:55  Roach x9  
  113  10:58  Ravager x2  
  113  10:59  Ravager x4  
  113  11:03  Zergling x10  
  124  11:16  Zergling x2  
  124  11:17  Zergling x2  
  126  11:38  Hydralisk  
  126  11:39  Hydralisk  
  130  12:03  Overlord x3  
  130  12:21  Hatchery  
  129  12:26  Roach  
  129  12:27  Roach x8  
  145  12:44  Ravager x4  
  144  12:45  Ravager x3  
  144  12:47  Roach  
  144  12:48  Roach x3  
  155  12:58  Overlord x2  
  155  13:17  Overlord x2  
  155  13:25  Queen  
  158  13:34  Drone x2  
  154  14:31  Infestor x3  
  154  14:32  Infestor x3  
  164  15:34  Drone x4  
  164  15:35  Drone x12  
  180  15:51  Pathogen Glands  
  180  16:35  Overseer  
  180  16:40  Roach  
  180  16:41  Roach x2  
  180  16:44  Overlord x3  
  186  16:55  Spire  
Tags
 
Add a new tag
Caveats
  • Supply blocks, unpowered buildings, or Contaminate may cause inaccurate times.
  • Supply counts are checked every 10 seconds.